 Dungeon Crawl Stone Soup version 0.21.1-1-g345015fe64 (webtiles) character file.

39662 Emanloe the Fighter (level 14, -2/92 HPs)
             Began as a Gargoyle Berserker on May 5, 2018.
             Was a High Priest of Trog.
             Killed by divine providence
             ... invoked by a smoke demon
             ... summoned by an orc sorcerer
             ... led by an orc knight
              (16 damage)
             ... on level 15 of the Dungeon on May 6, 2018.
             The game lasted 00:42:10 (15366 turns).

Emanloe the Fighter (Gargoyle Berserker)           Turns: 15366, Time: 00:42:12

Health: -2/92      AC: 29    Str: 25    XL:     14   Next: 7%
Magic:  12/12      EV: 17    Int:  9    God:    Trog [*****.]
Gold:   1064       SH: 11    Dex: 13    Spells: 13/13 levels left

rFire    + . .     SeeInvis .   H - +9 trident "Qaopsiruich" {pierce, +Inv rPois Dex+4}
rCold    + . .     Gourm    .   S - +2 buckler {rN+}
rNeg     + + .     Faith    .   R - +2 ring mail of Inaction {rC+ MR++}
rPois    ∞         Spirit   .   m - +1 helmet
rElec    +         Reflect  .   w - +0 cloak
rCorr    .         Harm     .   Q - +2 pair of gloves
MR       ++...                  I - +0 pair of boots
Stlth    +.........             s - amulet of magic regeneration
HPRegen  0.25/turn              h - ring of protection from magic
MPRegen  0.38/turn              a - ring of protection from fire

@: vulnerable, berserk cooldown, flying, slowed, studying Long Blades, very slow
A: big wings, large bone plates 1, low mp 1, negative energy resistance 1,
electricity resistance, unbreathing, petrification resistance, rot immunity, AC
+10
a: Stop Flying, Berserk, Trog's Hand, Brothers in Arms, Burn Spellbooks,
Renounce Religion, Evoke Invisibility


You were on level 15 of the Dungeon.
You worshipped Trog.
Trog was extremely pleased with you.
You were not hungry.

You visited 1 branch of the dungeon, and saw 15 of its levels.
You also visited: Sewer.

You collected 1064 gold pieces.

Inventory:

Hand Weapons
 d - the +7 spear of the Genius {freeze, Int+3}
   (You found it on level 11 of the Dungeon)

   It has been specially enchanted to freeze those struck by it, causing extra
   injury to most foes and up to half again as much damage against particularly
   susceptible opponents.
   It can also slow down cold-blooded creatures.
   It affects your intelligence (+3).
 k - a +1 whip of flaming
 x - a +3 quarterstaff of chaos
 H - the +9 trident "Qaopsiruich" (weapon) {pierce, +Inv rPois Dex+4}
   (You found it on level 9 of the Dungeon)

   It inflicts extra damage upon your enemies.
   It affects your dexterity (+4).
   It protects you from poison.
   It lets you turn invisible.
 K - the +8 glaive "Sythuffi" {chop, rElec MP+9 Str-3 Stlth+}
   (You found it on level 10 of the Dungeon)

   It inflicts extra damage upon your enemies.
   It affects your strength (-3).
   It insulates you from electricity.
   It affects your magic capacity (+9).
   It makes you more stealthy.
 O - a +4 antimagic dire flail
Armour
 l - a +3 ring mail of magic resistance
 m - a +1 helmet (worn)
 w - a +0 cloak (worn)
 A - a +4 troll leather armour {Snorg}
 F - a +2 scale mail of poison resistance
 I - a +0 pair of boots (worn)
 Q - a +2 pair of gloves (worn)
 R - the +2 ring mail of Inaction (worn) {rC+ MR++}
   (You found it on level 13 of the Dungeon)

   It protects you from cold.
   It affects your resistance to hostile enchantments.
 S - a +2 buckler of positive energy (worn)
Jewellery
 a - a ring of protection from fire (right hand)
 h - a ring of protection from magic (left hand)
 s - an amulet of magic regeneration (around neck)
 N - the ring "Dukhlah" {*Slow rElec rC+ Stlth+}
   (You found it on level 11 of the Dungeon)

   [ring of stealth]

   It protects you from cold.
   It insulates you from electricity.
   It may slow you when you take damage.
   It makes you more stealthy.
 T - an uncursed ring of fire
Wands
 D - a wand of random effects (47)
 E - a wand of scattershot (6)
 L - a wand of iceblast (18)
 M - a wand of flame (14)
 P - a wand of acid (7)
Scrolls
 b - 6 scrolls of identify
 e - a scroll of magic mapping
 g - 6 scrolls of teleportation
 j - 6 scrolls of remove curse
 q - 2 scrolls of amnesia
 y - a scroll of enchant armour
Potions
 f - 5 potions of lignification {unknown}
 i - 4 potions of cancellation {unknown}
 n - 8 potions of heal wounds {unknown}
 o - 2 potions of brilliance {unknown}
 p - 3 potions of magic
 r - 8 potions of flight {unknown}
 t - a potion of agility
 z - 5 potions of curing
 C - 4 potions of invisibility {unknown}
 J - a potion of berserk rage
Books
 u - a book of Unlife

   Spells                             Type                      Level
   a - Recall                         Summoning/Translocation      3
   b - Animate Dead                   Necromancy                   4
   c - Borgnjor's Vile Clutch         Necromancy/Earth             5
   d - Death Channel                  Necromancy                   6
   e - Simulacrum                     Ice/Necromancy               6
   Trog disapproves of the use of such an item.
 v - the Papyrus of Virous Ice
   (You found it on level 13 of the Dungeon)

   Spells                             Type                      Level
   a - Mephitic Cloud                 Conjuration/Poison/Air       3
   b - Spider Form                    Transmutation/Poison         3
   c - Summon Ice Beast               Ice/Summoning                4
   d - Ozocubu's Refrigeration        Ice                          6
   Trog disapproves of the use of such an item.
 B - a book of Cantrips

   Spells                             Type                      Level
   a - Confusing Touch                Hexes                        1
   b - Animate Skeleton               Necromancy                   1
   c - Summon Small Mammal            Summoning                    1
   d - Apportation                    Translocation                1
   Trog disapproves of the use of such an item.
 G - a manual of Long Blades
Comestibles
 c - 13 rations


   Skills:
 + Level 12.4 Fighting
 + Level 11.5 Maces & Flails
 + Level 7.3 Polearms
 + Level 12.2 Armour
 + Level 9.7 Dodging
 + Level 3.8 Shields


You had 13 spell levels left.
You didn't know any spells.

Dungeon Overview and Level Annotations

Branches:
Dungeon (15/15)            Temple (0/1) D:4            Lair (0/6) D:10
    Orc (0/2) D:11         Vaults (0/5) D:13         Depths (0/5) D:15

Altars:
Elyvilon
Kikubaaqudgha
Ru
Sif Muna
Uskayaw
Wu Jian
Xom
Yredelemnul


Innate Abilities, Weirdness & Mutations

You are resistant to torment.
Your stone body is resilient. (AC +10)
You are immune to poison.
Your large and strong wings let you fly indefinitely.
You resist negative energy. (rN+)
You are resistant to electric shocks. (rElec)
You can survive without breathing.
You are immune to petrification.
You are immune to rotting.
You are partially covered in large bone plates. (SH +4)
Your magical capacity is low. (-10% MP)


Message History

Your two-headed ogre goes berserk!
You feel quite a bit more hungry.
The smoke demon roars!
The orc warrior no longer looks unusually strong.
The orc no longer looks unusually strong.
The orc sorcerer gestures wildly while chanting.
The titan skeleton misses you.
Your two-headed ogre hits the titan skeleton with a giant club!!!
Your two-headed ogre hits the titan skeleton with a giant club.
The titan skeleton hits your ogre!!!
Your ogre dies!
Your ogre's corpse disappears in a puff of smoke!
The orc knight shoots a bolt.
The bolt hits your two-headed ogre!!
Your two-headed ogre hits the chaos spawn with a giant club!
Your two-headed ogre misses the chaos spawn.
The chaos spawn hits your two-headed ogre.
Your two-headed ogre blinks!
The smoke demon gestures at you. Something smites you!
You die...

#..############....<.....<..
.### #..(.............########'
.P.8.#.(..............#....'...
..(8..)(.3.........)..#....#...
8oP!.....o4.......))..#....#...
....o.o..ooo(.........#..####.#
..8...o#####Z##......##..####.#
........o.....#......#....#....
>.P.....3...z.@......#....#....
..............#......#....#....
......P.......#......#....#....
.8...####'###......######...#
.P...####..####+##.....######
.................#.....+.....
P................#.....#.....
#................#.....#.....
#................#.....#.....


You could see an orc knight, a skeletal warrior, a sun demon, a smoke demon, a
chaos spawn, 2 orc sorcerers, an orc warrior and a titan skeleton.

Vanquished Creatures
  Kirke (D:14)
  Snorg (D:13)
  3 hydras (D:11)
  3 centaur warriors
  A catoblepas (D:11)
  Erica (D:10)
  2 dancing weapons (D:13)
  3 two-headed ogres
  The ghost of raetorn the Thaumaturge, a journeyman SpEE of Vehumet (D:13)
  Sonja (D:15)
  The ghost of Fymir27 the Summoner, a novice VSSu of Gozag (D:10)
  2 unseen horrors
  Pikel (D:4)
  A phantasmal warrior (D:15)
  2 necromancers
  2 orc knights
  2 ugly things
  3 deep elf magi
  3 cyclopes
  A manticore (D:12)
  A centaur zombie (D:13)
  Joseph (D:8)
  The ghost of Fymir27 the Slinger, a novice HaHu of Hepliaklqana (D:5)
  3 efreet
  A tengu conjurer (D:11)
  A guardian mummy (D:15)
  Grinder (Sewer)
  7 trolls
  8 slime creatures
  A fire dragon zombie (D:15)
  4 hippogriffs
  A vampire (D:14)
  2 shadows
  13 yaks
  2 wraiths (D:14)
  3 wyverns
  Eustachio (D:5)
  3 vampire mosquitoes (D:11)
  2 hungry ghosts
  A warg (D:15)
  Menkaure (D:7)
  A soldier ant (D:12)
  An acid dragon (D:14)
  Duvessa (D:5)
  A water moccasin (D:8)
  3 black bears
  3 orc warriors
  7 ice beasts
  A slave (D:4)
  5 sky beasts
  3 phantoms
  2 eyes of draining
  7 ogres
  15 centaurs
  A crocodile (D:14)
  3 big kobolds
  7 bullfrogs
  3 wyvern skeletons
  5 scorpions
  Dowan (D:5)
  13 killer bees
  15 wights
  2 howler monkeys
  3 bullfrog zombies
  6 crimson imps
  2 quasits
  3 centaur skeletons
  8 orc priests
  Crazy Yiuf (D:6)
  A bullfrog skeleton (D:8)
  2 jellies
  8 hounds
  6 iguanas
  16 orc wizards
  10 worker ants
  3 big kobold zombies (Sewer)
  A hound skeleton (D:10)
  3 worker ant zombies
  4 gnolls (D:6)
  7 adders
  A river rat (D:6)
  A shadow imp (D:6)
  12 white imps (D:11)
  2 ufetubi (Sewer)
  2 adder zombies
  2 adder skeletons (D:9)
  5 worms
  2 dart slugs
  5 leopard geckos
  29 orcs
  2 ball pythons
  4 giant cockroaches
  15 goblins
  8 hobgoblins
  11 jackals
  5 quokkas
  15 bats
  5 frilled lizards
  2 giant cockroach zombies (D:6)
  32 kobolds
  2 leopard gecko skeletons (D:4)
  A quokka skeleton (D:4)
  A quokka zombie (D:8)
  6 rats
447 creatures vanquished.

Vanquished Creatures (others)
  A kobold zombie (Sewer)
1 creature vanquished.

Grand Total: 448 creatures vanquished

Notes
Turn   | Place    | Note
-------+----------+-------------------------------------------
     0 | D:1      | Emanloe the Gargoyle Berserker began the quest for the Orb.
     0 | D:1      | Reached XP level 1. HP: 14/14 MP: 1/1
    94 | D:1      | Reached XP level 2. HP: 18/19 MP: 2/2
   371 | D:1      | Reached XP level 3. HP: 23/23 MP: 3/3
   620 | D:2      | Reached ** piety under Trog
   880 | D:2      | Gained mutation: Your magical capacity is low. (-10% MP) [potion of mutation]
   880 | D:2      | Gained mutation: You are partially covered in large bone plates. (SH +4) [potion of mutation]
  1046 | D:2      | Reached XP level 4. HP: 29/29 MP: 3/3
  1263 | D:2      | Found a white marble altar of Elyvilon.
  1263 | D:2      | Found a hide-covered altar of Uskayaw.
  1562 | D:2      | Found a deep blue altar of Sif Muna.
  1902 | D:3      | Reached XP level 5. HP: 24/33 MP: 4/4
  1970 | D:3      | Found an ancient bone altar of Kikubaaqudgha.
  2142 | D:4      | Reached *** piety under Trog
  2183 | D:4      | Found an ornate altar of the Wu Jian Council.
  2378 | D:4      | Found a staircase to the Ecumenical Temple.
  2406 | D:4      | Reached XP level 6. HP: 33/39 MP: 5/5
  2597 | D:4      | Noticed a slave
  2597 | D:4      | Noticed a slave
  2597 | D:4      | Noticed a slave
  2598 | D:4      | Noticed a slave
  2599 | D:4      | Noticed Pikel
  2607 | D:4      | Killed a slave
  2657 | D:4      | Killed Pikel
  2657 | D:4      | Reached skill level 5 in Fighting
  2657 | D:4      | Reached skill level 5 in Maces & Flails
  2657 | D:4      | Reached XP level 7. HP: 33/44 MP: 6/6
  2757 | D:4      | Reached skill level 5 in Armour
  3021 | D:5      | Entered Level 5 of the Dungeon
  3026 | D:5      | Noticed Dowan
  3027 | D:5      | Noticed Duvessa
  3040 | D:5      | Killed Dowan
  3040 | D:5      | Reached XP level 8. HP: 51/51 MP: 7/7
  3057 | D:5      | Killed Duvessa
  3150 | D:5      | Noticed Fymir27's ghost (novice HaHu)
  3174 | D:5      | Killed Fymir27's ghost
  3675 | D:5      | Noticed Eustachio
  3686 | D:5      | Killed Eustachio
  4093 | D:6      | Reached XP level 9. HP: 52/57 MP: 8/8
  4251 | D:6      | Reached skill level 5 in Dodging
  4413 | D:6      | Found a runed door.
  4417 | D:6      | Noticed Crazy Yiuf
  4426 | D:6      | Killed Crazy Yiuf
  4802 | D:6      | Found a glowing drain.
  4812 | Sewer    | Entered a sewer
  4948 | Sewer    | Found a burning altar of Makhleb.
  4964 | Sewer    | Reached **** piety under Trog
  4997 | Sewer    | Noticed Grinder
  5011 | Sewer    | Killed Grinder
  5555 | D:7      | Found a basalt altar of Yredelemnul.
  5742 | D:7      | Reached XP level 10. HP: 42/64 MP: 9/9
  5974 | D:7      | Noticed Menkaure
  5983 | D:7      | Killed Menkaure
  6116 | D:8      | Noticed a deep elf mage
  6123 | D:8      | Killed a deep elf mage
  6220 | D:8      | Noticed Joseph
  6270 | D:8      | Killed Joseph
  6835 | D:9      | Reached ***** piety under Trog
  7131 | D:9      | Got a fine trident
  7132 | D:9      | Identified the +9 trident "Qaopsiruich" {pierce, +Inv rPois Dex+4} (You found it on level 9 of the Dungeon)
  7560 | D:10     | Entered Level 10 of the Dungeon
  7668 | D:10     | Noticed Fymir27's ghost (novice VSSu)
  7676 | D:10     | Killed Fymir27's ghost
  7676 | D:10     | Reached skill level 1 in Polearms
  7676 | D:10     | Reached XP level 11. HP: 71/71 MP: 9/9
  7923 | D:10     | Got an encrusted glaive
  7924 | D:10     | Identified the +8 glaive "Sythuffi" {chop, rElec MP+9 Str-3 Stlth+} (You found it on level 10 of the Dungeon)
  7961 | D:10     | Found a staircase to the Lair.
  7965 | D:10     | Noticed Erica
  7972 | D:10     | Killed Erica
  8322 | D:10     | Reached skill level 10 in Fighting
  8500 | D:11     | Found a staircase to the Orcish Mines.
  8576 | D:11     | Found a shimmering altar of Xom.
  8638 | D:11     | Noticed a two-headed ogre
  8641 | D:11     | Noticed a cyan ugly thing
  8645 | D:11     | Killed a two-headed ogre
  8648 | D:11     | Killed a cyan ugly thing
  8658 | D:11     | Got a transparent jade ring
  8691 | D:11     | Reached skill level 10 in Armour
  8704 | D:11     | Received a gift from Trog
  8718 | D:11     | Identified the ring "Dukhlah" {*Slow rElec rC+ Stlth+} (You found it on level 11 of the Dungeon)
  8862 | D:11     | Noticed a four-headed hydra
  8873 | D:11     | Killed a ten-headed hydra
  8926 | D:11     | Noticed a two-headed ogre
  8932 | D:11     | Killed a two-headed ogre
  8932 | D:11     | Reached XP level 12. HP: 38/79 MP: 10/10
  9179 | D:11     | Got a faintly glowing dagger
  9180 | D:11     | Identified the +1 dagger "Suruyll" {flame, MR- Str+7 Dex+2} (You found it on level 11 of the Dungeon)
  9408 | D:11     | Found the +3 sling "Punk" {acid, rCorr}
  9485 | D:11     | Noticed a five-headed hydra
  9495 | D:11     | Killed a 12-headed hydra
  9495 | D:11     | Reached skill level 10 in Maces & Flails
 10136 | D:11     | Noticed a catoblepas
 10142 | D:11     | Noticed a six-headed hydra
 10148 | D:11     | Killed a catoblepas
 10156 | D:11     | Reached skill level 5 in Polearms
 10422 | D:11     | Killed a six-headed hydra
 10435 | D:11     | Got a steaming spear
 10436 | D:11     | Identified the +7 spear of the Genius {freeze, Int+3} (You found it on level 11 of the Dungeon)
 11995 | D:13     | Noticed raetorn's ghost (journeyman SpEE)
 12164 | D:13     | Found a gate to the Vaults.
 12177 | D:13     | Reached XP level 13. HP: 84/84 MP: 11/11
 12282 | D:13     | Killed raetorn's ghost
 12416 | D:13     | Noticed Snorg
 12433 | D:13     | Killed Snorg
 12894 | D:13     | Identified the Papyrus of Virous Ice
 12905 | D:13     | Got a bloodstained ring mail
 12912 | D:13     | Identified the +2 ring mail of Inaction {rC+ MR++} (You found it on level 13 of the Dungeon)
 13156 | D:14     | Reached skill level 1 in Shields
 13915 | D:14     | Found a sacrificial altar of Ru.
 14324 | D:14     | Noticed Kirke
 14348 | D:14     | Killed Kirke
 14449 | D:14     | Received a gift from Trog
 14671 | D:15     | Entered Level 15 of the Dungeon
 15057 | D:15     | Gained mutation: Your large and strong wings let you fly indefinitely. [Gargoyle growth]
 15057 | D:15     | Reached XP level 14. HP: 66/92 MP: 12/12
 15181 | D:15     | Noticed Sonja
 15189 | D:15     | Killed Sonja
 15327 | D:15     | Found a staircase to the Depths.
 15366 | D:15     | Killed from afar by a smoke demon

Skill      XL: |  1  2  3  4  5  6  7  8  9 10 11 12 13 |
---------------+----------------------------------------+-----
Dodging        | 2 3 4 5 7 8 9 |  9.7
Armour         | 3 4 5 6 7 9 10 11 12 | 12.2
Fighting       | 4 5 7 8 9 10 11 12 | 12.4
Maces & Flails | 4 5 6 7 8 9 10 11 | 11.5
Polearms       | 1 4 5 7 |  7.3
Shields        | 3 |  3.8

Action                   |  1- 3 |  4- 6 |  7- 9 | 10-12 | 13-15 || total
-------------------------+-------+-------+-------+-------+-------++-------
Melee: Mace              |   127 |   183 |       |       |       ||   310
       Whip              |       |       |   224 |       |       ||   224
       Quarterstaff      |       |       |   195 |   204 |       ||   399
       Trident           |       |       |       |   189 |   387 ||   576
       Glaive            |       |       |       |   238 |       ||   238
       Spear             |       |       |       |   117 |       ||   117
       Dire flail        |       |       |       |     6 |       ||     6
Invok: Trog's Hand       |       |     1 |     4 |    15 |     8 ||    28
       Berserk           |       |     1 |     4 |    13 |     4 ||    22
       Brothers in Arms  |       |       |       |       |     2 ||     2
 Abil: Fly               |       |       |       |       |     1 ||     1
  Use: Potion            |     3 |     5 |       |     3 |       ||    11
       Scroll            |       |       |       |    10 |     9 ||    19
 Stab: Confused          |       |       |     1 |       |       ||     1
       Petrified         |       |       |       |     2 |       ||     2
       Paralysed         |       |       |       |     2 |       ||     2
       Sleeping          |       |       |       |     4 |       ||     4
       Distracted        |       |       |       |       |     1 ||     1
  Eat: Chunk             |       |     6 |    13 |    12 |     5 ||    36
       Ration            |       |       |     1 |     9 |     5 ||    15
Armor: Ring mail         |    61 |   105 |   211 |   548 |   153 ||  1078
       Troll leather arm |       |       |       |       |    12 ||    12
       Scale mail        |       |       |       |       |     3 ||     3
       Skin              |       |       |       |       |     1 ||     1
Dodge: Dodged            |    72 |   149 |   256 |   776 |   181 ||  1434
Block: Other             |     4 |    54 |    67 |   174 |     9 ||   308
       Buckler           |       |       |       |       |   142 ||   142
